 Dungeon Crawl Stone Soup version 0.19.4 (webtiles) character file.

1261 mrmercer the Poker (level 8, -10/70 HPs)
             Began as a Hill Orc Fighter on Feb 5, 2017.
             Was a Believer of Trog.
             Mangled by Stiffzip's ghost (13 damage)
             ... on level 5 of the Dungeon.
             The game lasted 00:59:42 (7365 turns).

mrmercer the Poker (Hill Orc Fighter)               Turns: 7365, Time: 00:59:43

Health: -10/70     AC: 11    Str: 20    XL:     8   Next: 52%
Magic:  8/8        EV:  0    Int:  8    God:    Trog [**....]
Gold:   161        SH:  9    Dex: 11    Spells: 0 memorised, 7 levels left

rFire  . . .     SeeInvis .     a - +0 trident
rCold  + + .     Gourm    .     l - +0 plate armour
rNeg   . . .     Faith    .     c - +0 shield
rPois  .         Spirit   .     (no helmet)
rElec  .         Reflect  .     (no cloak)
rCorr  .         Harm     .     (no gloves)
MR     +....                    (no boots)
Stlth  ..........               K - amulet of rage
                                B - -3 ring of evasion (curse)
                                r - ring of protection from cold

@: lethally poisoned (-10 -> -11), heavily drained
A: cold resistance 1, magic resistance 1, MP-powered wands
a: Berserk, Trog's Hand, Burn Spellbooks, Renounce Religion, Evoke Berserk Rage


You were on level 5 of the Dungeon.
You worshipped Trog.
Trog was pleased with you.
You were not hungry.

You visited 1 branch of the dungeon, and saw 5 of its levels.
You also visited: Ossuary.

You collected 161 gold pieces.

Inventory:

Hand Weapons
 a - a +0 trident (weapon)
 e - a +0 club
 g - a +0 dagger
 h - a +0 quarterstaff
 j - a +0 club
 s - a +0 mace
 x - a +0 hand axe
 D - a +0 shortbow of freezing
 J - a +0 long sword
 L - a +0 scythe
Missiles
 f - 14 poisoned needles
 v - 55 arrows
 C - 18 bolts
Armour
 b - a +0 scale mail
 c - a +0 shield (worn)
 l - a +0 plate armour (worn)
 o - a +0 ring mail
 t - a +0 chain mail
Jewellery
 k - an uncursed amulet of magic regeneration {unknown}
 r - a ring of protection from cold (left hand)
 B - a cursed -3 ring of evasion (right hand)
 K - an amulet of rage (around neck)
Wands
 y - a wand of hasting (2/9)
Scrolls
 i - 3 scrolls of random uselessness {unknown}
 m - a scroll of fog {unknown}
 p - a scroll of enchant weapon {unknown}
 q - 2 scrolls of recharging {unknown}
 A - 4 scrolls of remove curse {unknown}
 E - a scroll of amnesia {unknown}
 F - 6 scrolls of identify {unknown}
 G - 2 scrolls of immolation {unknown}
 S - a scroll of blinking {unknown}
Potions
 d - 3 potions of might
 u - a potion of haste
 z - 3 potions of brilliance {unknown}
 H - 3 potions of magic {unknown}
 N - a potion of degeneration {unknown}
 O - a potion of berserk rage
 P - 2 potions of agility {unknown}
 Q - a potion of flight {unknown}
 R - a potion of cancellation {unknown}
 T - a potion of curing {unknown}
 U - a potion of heal wounds {unknown}
Comestibles
 I - a slice of pizza
 M - a beef jerky


   Skills:
 + Level 6.1(3.9) Fighting
 + Level 6.8(4.6) Polearms
 + Level 6.6(4.3) Armour
 + Level 0.2(0.0) Dodging
 + Level 5.8(3.7) Shields


You had 7 spell levels left.
You didn't know any spells.

Dungeon Overview and Level Annotations

Branches:
Dungeon (5/15)             Temple (0/1) D:4

Altars:
Ashenzari
Makhleb
Ru
Sif Muna
Trog
Uskayaw

Shops:
D:4 [

Annotations:
D:5 Stiffzip's ghost, novice TrWz


Innate Abilities, Weirdness & Mutations

Your flesh is cold resistant. (rC+)
You are resistant to hostile enchantments. (MR+)
You expend magic power (3 MP) to strengthen your wands.


Message History

You closely miss Stiffzip's ghost.
Stiffzip's ghost is moderately damaged.
Stiffzip's ghost hits you!
* * * LOW HITPOINT WARNING * * *
You feel drained.
* * * LOW HITPOINT WARNING * * *
You closely miss Stiffzip's ghost.
Stiffzip's ghost is moderately damaged.
Stiffzip's ghost wails, "They lied to you.
The Dungeon just goes down and down forever."
You block Stiffzip's ghost's attack.
You hit Stiffzip's ghost.
Stiffzip's ghost is moderately damaged.
You feel sick. Stiffzip's ghost hits you!
* * * LOW HITPOINT WARNING * * *
You feel drained.
* * * LOW HITPOINT WARNING * * *
You hit Stiffzip's ghost.
Stiffzip's ghost is heavily damaged.
Stiffzip's ghost hits you!
You die...

### ### ..# ..####
###.# #.#.. #
..#.#.#.#.###>## .##+
#.#.#.#.#.......
.....##.#.#.........##
........#.###.........
#..<#..†@W....#
#.###.#.###.#.#
#.###.#... #.....###.#
######....# .#### .#
.# ##


You could see Stiffzip's ghost.

Vanquished Creatures
  The ghost of markt42 the Chopper, a novice HOFi (D:4)
  Sigmund (D:4)
  A phantom (D:4)
  An ogre (D:4)
  A centaur (D:3)
  2 scorpions
  A crimson imp (D:4)
  2 orc wizards (D:4)
  A centaur skeleton (D:4)
  12 mummies (Ossuary)
  6 adders
  2 oozes
  2 worms
  2 dart slugs
  3 leopard geckos
  15 orcs
  A ball python (D:3)
  7 giant cockroaches
  6 goblins
  3 hobgoblins
  5 jackals (D:1)
  5 quokkas
  8 bats
  5 frilled lizards
  2 gnoll skeletons (Ossuary)
  2 goblin skeletons (Ossuary)
  9 kobolds
  A kobold skeleton (Ossuary)
  2 orc skeletons (Ossuary)
  A quokka skeleton (D:4)
  12 rats
  11 rat skeletons (Ossuary)
133 creatures vanquished.

Vanquished Creatures (others)
  A kobold skeleton (Ossuary)
1 creature vanquished.

Grand Total: 134 creatures vanquished

Notes
Turn   | Place    | Note
-------+----------+-------------------------------------------
     0 | D:1      | mrmercer the Hill Orc Fighter began the quest for the Orb.
     0 | D:1      | Reached XP level 1. HP: 19/19 MP: 1/1
   196 | D:1      | Reached XP level 2. HP: 14/27 MP: 2/2
  1029 | D:1      | Reached XP level 3. HP: 22/33 MP: 3/3
  2545 | D:2      | Found a bloodstained altar of Trog.
  2559 | D:2      | Became a worshipper of Trog the Wrathful
  2601 | D:2      | Reached XP level 4. HP: 40/40 MP: 4/4
  2722 | D:3      | Found a sacrificial altar of Ru.
  2804 | D:3      | Found a burning altar of Makhleb.
  3024 | D:3      | Gained mutation: You are resistant to hostile enchantments. (MR+) [potion of mutation]
  3024 | D:3      | Gained mutation: You expend magic power (3 MP) to strengthen your wands. [potion of mutation]
  3024 | D:3      | Gained mutation: Your flesh is cold resistant. (rC+) [potion of mutation]
  3562 | D:3      | Reached * piety under Trog
  3562 | D:3      | Reached XP level 5. HP: 33/46 MP: 5/5
  3839 | D:3      | Noticed a centaur
  3850 | D:3      | Killed a centaur
  4528 | D:4      | Noticed Sigmund
  4549 | D:4      | Killed Sigmund
  4549 | D:4      | Reached skill level 5 in Shields
  4549 | D:4      | Reached XP level 6. HP: 30/53 MP: 6/6
  4885 | D:4      | Found a faded altar of an unknown god.
  4885 | D:4      | Found a shattered altar of Ashenzari.
  4893 | D:4      | Found a hide-covered altar of Uskayaw.
  4900 | D:4      | Found a deep blue altar of Sif Muna.
  4902 | D:4      | Found a faded altar of an unknown god.
  5025 | D:4      | Found a sand-covered staircase.
  5035 | Ossuary  | Entered an ossuary
  5504 | Ossuary  | Reached skill level 5 in Armour
  5504 | Ossuary  | Reached XP level 7. HP: 60/60 MP: 7/7
  5531 | Ossuary  | Reached ** piety under Trog
  5573 | Ossuary  | Reached skill level 5 in Fighting
  5699 | Ossuary  | Reached skill level 5 in Polearms
  6308 | D:4      | Noticed markt42's ghost (novice HOFi)
  6350 | D:4      | Killed markt42's ghost
  6350 | D:4      | Reached XP level 8. HP: 17/70 MP: 8/8
  6735 | D:4      | Found Ubluare's Antique Armour Boutique.
  6754 | D:4      | Found a staircase to the Ecumenical Temple.
  7324 | D:5      | Entered Level 5 of the Dungeon
  7339 | D:5      | Noticed Stiffzip's ghost (novice TrWz)
  7364 | D:5      | HP: 2/70 [Stiffzip's ghost (2)]
  7365 | D:5      | Mangled by Stiffzip's ghost

Skill      XL: |  1  2  3  4  5  6  7  8 |
---------------+-------------------------+-----
Fighting       | 4 5 6 |  6.1
Armour         | 4 5 6 |  6.6
Shields        | 4 5 |  5.8
Polearms       | 3 4 5 6 |  6.8
Dodging        | |  0.2

Action                   |  1- 3 |  4- 6 |  7- 9 || total
-------------------------+-------+-------+-------++-------
Melee: Trident           |   171 |   287 |   242 ||   700
Invok: Berserk           |       |     1 |       ||     1
       Trog's Hand       |       |       |     1 ||     1
       Burn Spellbooks   |       |       |     1 ||     1
  Use: Potion            |       |     2 |     2 ||     4
  Eat: Chunk             |     1 |     3 |       ||     4
       Bread ration      |     1 |     1 |       ||     2
       Royal jelly       |       |     1 |       ||     1
       Meat ration       |       |     1 |     1 ||     2
Armor: Scale mail        |    30 |       |       ||    30
       Plate armour      |    74 |   211 |    89 ||   374
Dodge: Dodged            |    33 |    13 |     1 ||    47
Block: Shield            |    99 |   147 |    91 ||   337
